 Dungeon Crawl Stone Soup version 0.22-a0-192-g6ffc940 (webtiles) character file.

1334 vishdafish the Bolt Thrower (level 8, -2/60 HPs)
             Began as a Demonspawn Hunter on Feb 16, 2018.
             Killed from afar by an orc wizard (4 damage)
             ... with a puff of flame
             ... on level 5 of the Dungeon.
             The game lasted 00:14:43 (6365 turns).

vishdafish the Bolt Thrower (Demonspawn Hunter)     Turns: 6365, Time: 00:14:43

Health: -2/60      AC:  7    Str: 15    XL:     8   Next: 35%
Magic:  8/8        EV: 12    Int: 13    God:
Gold:   312        SH:  0    Dex: 13    Spells: 7/7 levels left

rFire    . . .     SeeInvis +   r - +0 falchion
rCold    . . .     Gourm    .   (no shield)
rNeg     . . .     Faith    .   b - +0 ring mail (curse)
rPois    +         Spirit   .   (helmet unavailable)
rElec    .         Reflect  .   (no cloak)
rCorr    .         Harm     .   (no gloves)
MR       .....                  (no boots)
Stlth    +.........             (no amulet)
HPRegen  0.20/turn              h - ring of wizardry
MPRegen  0.11/turn              k - ring of poison resistance

@: no status effects
A: antennae 3, thin metallic scales 1, powered by death 2
a: no special abilities


You were on level 5 of the Dungeon.
You were very hungry.

You visited 1 branch of the dungeon, and saw 7 of its levels.

You collected 312 gold pieces.

Inventory:

Hand Weapons
 a - a +1 hand crossbow
 o - a +1 whip of freezing
 r - a +0 falchion (weapon)
Armour
 b - a cursed +0 ring mail (worn)
 c - a +1 leather armour
Jewellery
 h - a ring of wizardry (left hand)
 k - a ring of poison resistance (right hand)
Scrolls
 e - a scroll of enchant armour
 g - a scroll of enchant weapon
 l - 4 scrolls of identify
 n - a scroll of remove curse
Potions
 i - 2 potions of curing
 m - 2 potions of brilliance
Comestibles
 f - 5 rations


   Skills:
 - Level 3.7 Fighting
 * Level 4.9 Long Blades
 + Level 7.0 Crossbows
 - Level 2.5 Armour
 - Level 3.3 Dodging
 - Level 0.8 Stealth


You had 7 spell levels left.
You didn't know any spells.

Dungeon Overview and Level Annotations

Branches:
Dungeon (7/15)
 Temple: D:4-7

Altars:


Innate Abilities, Weirdness & Mutations

You have a pair of large antennae on your head. (SInv)
You are partially covered in thin metallic scales. (AC +2)
You regenerate health from kills.


Message History

The orc wizard casts a spell at you. The magic dart hits you!
* * * LOW HITPOINT WARNING * * *
The orc wizard hits you but does no damage.
An orc comes into view. It is wielding a club.
There is a stone staircase leading up here.
The orc shouts!
The orc wizard hits you but does no damage.
You climb upwards.
There is a stone staircase leading down here.
You closely miss the orc wizard.
The orc wizard begins to cast a cantrip, but forgets the words!
You closely miss the orc wizard.
The orc wizard points at you and mumbles some strange words.
The puff of frost hits you!
* * * LOW HITPOINT WARNING * * *
You completely miss the orc wizard.
The orc wizard points at you and mumbles some strange words.
The puff of flame hits you!
You die...

#####################
#....#...............
#....#...............
#....'...............
##########.########..##
##.########.###..###..##
#.........#........#....
#......@..#........#....
#.....o...#........#....
#########..###..##..#######...#
#....#..#..###..##..##...######
##..............[..>.#...#
#...............[...#...#
##.#########.>.##..##.<.#
#####..#########..##...######
#............#[.#....##...#


You could see an orc wizard.

Vanquished Creatures
  Pikel (D:4)
  Edmund (D:7)
  2 slaves
  2 ogres
  A bullfrog (D:7)
  2 crimson imps
  A hound (D:4)
  A jelly (D:6)
  An orc priest (D:6)
  An iguana (D:4)
  2 orc wizards
  2 worker ants
  A hound zombie (D:5)
  9 gnolls
  5 adders
  A shadow imp (D:5)
  An ooze (D:2)
  An adder zombie (D:5)
  2 dart slugs
  6 leopard geckos
  16 orcs
  4 giant cockroaches (D:1)
  10 goblins
  7 hobgoblins
  8 bats
  5 frilled lizards
  A jackal skeleton (D:4)
  8 kobolds
  8 rats
110 creatures vanquished.

Notes
Turn   | Place    | Note
-------+----------+-------------------------------------------
     0 | D:1      | vishdafish the Demonspawn Hunter began the quest for the Orb.
     0 | D:1      | Reached XP level 1. HP: 16/16 MP: 1/1
    69 | D:1      | Reached skill level 4 in Crossbows
   100 | D:1      | Gained mutation: You are partially covered in thin metallic scales. (AC +2) [demonic ancestry]
   100 | D:1      | Reached XP level 2. HP: 22/22 MP: 2/2
   918 | D:1      | Reached XP level 3. HP: 10/27 MP: 3/3
  1521 | D:2      | Reached skill level 1 in Armour
  1521 | D:2      | Gained mutation: You regenerate a little health from kills. [demonic ancestry]
  1521 | D:2      | Reached XP level 4. HP: 34/34 MP: 4/4
  2597 | D:3      | Gained mutation: You have a pair of small antennae on your head. [demonic ancestry]
  2597 | D:3      | Reached XP level 5. HP: 26/39 MP: 5/5
  3097 | D:4      | Noticed an ogre
  3111 | D:4      | Killed an ogre
  3111 | D:4      | Reached skill level 5 in Crossbows
  3123 | D:4      | Gained mutation: You have a pair of antennae on your head. [demonic ancestry]
  3123 | D:4      | Reached XP level 6. HP: 14/47 MP: 6/6
  3944 | D:5      | Entered Level 5 of the Dungeon
  4434 | D:5      | Gained mutation: You have a pair of large antennae on your head. (SInv) [demonic ancestry]
  4434 | D:5      | Reached XP level 7. HP: 42/53 MP: 7/7
  4801 | D:5      | Reached skill level 6 in Crossbows
  5194 | D:5      | Noticed Pikel
  5270 | D:4      | Killed Pikel
  5270 | D:4      | Gained mutation: You regenerate health from kills. [demonic ancestry]
  5270 | D:4      | Reached XP level 8. HP: 23/60 MP: 8/8
  6073 | D:6      | Noticed Edmund
  6126 | D:7      | Killed Edmund
  6329 | D:6      | Reached skill level 7 in Crossbows
  6364 | D:5      | HP: 2/60 [orc wizard/puff of frost (11)]
  6365 | D:5      | Killed from afar by an orc wizard

Vault maps used:
D:1:      sevenhm_arrival_forest_fort_large_4
D:2:      first_ration, kennysheep_generic_room_6
D:3:      kennysheep_decorative_pillar
D:5:      uniq_pikel
D:6:      minmay_temple_entry_glassed_door, lemuel_oklob_altar, uniq_sigmund,
          uniq_crazy_yiuf_cottage, uniq_edmund, uniq_menkaure
D:7:      basic_altar, uniq_duvessa

Skill      XL: |  1  2  3  4  5  6  7  8 |
---------------+-------------------------+-----
Crossbows      | 4 5 6 7 |  7.0
Dodging        | 2 3 |  3.3
Armour         | 1 2 |  2.5
Fighting       | 3 |  3.7
Long Blades    | 3 4 |  4.9
Stealth        | |  0.8

Action                   |  1- 3 |  4- 6 |  7- 9 || total
-------------------------+-------+-------+-------++-------
Melee: Short sword       |    26 |     9 |       ||    35
       Hand axe          |       |   161 |    33 ||   194
       Falchion          |       |       |    42 ||    42
       Whip              |       |       |    42 ||    42
       Unarmed           |       |       |    11 ||    11
 Fire: Hand crossbow     |    58 |    99 |    54 ||   211
  Use: Scroll            |     3 |     5 |     1 ||     9
       Potion            |       |     4 |     6 ||    10
 Stab: Invisible         |       |       |     2 ||     2
       Confused          |       |       |     1 ||     1
  Eat: Chunk             |     1 |    10 |     2 ||    13
       Ration            |       |       |     1 ||     1
Armor: Leather armour    |    25 |    52 |       ||    77
       Skin              |       |     3 |     4 ||     7
       Ring mail         |       |    68 |    42 ||   110
Dodge: Dodged            |    53 |   168 |   105 ||   326
       Rpst.: Falchion   |       |       |     9 ||     9

Table legend:
 A = Spawn XP
 B = Non-spawn XP
 C = Spawn XP percentage of total XP
 D = Spawn monster count
 E = Non-spawn monster count
 F = Spawn count percentage of total count
 G = Total turns spent on level
                    A         B        C        D         E        F      G
               +---------+---------+-------+---------+---------+-------+---------
         Total |       0 |    1907 |   0.0 |       0 |     108 |   0.0 |  6365
               +---------+---------+-------+---------+---------+-------+---------
           D:1 |       0 |      49 |   0.0 |       0 |      21 |   0.0 |  1207
           D:2 |       0 |     116 |   0.0 |       0 |      26 |   0.0 |   869
           D:3 |       0 |      34 |   0.0 |       0 |      19 |   0.0 |   715
           D:4 |       0 |     950 |   0.0 |       0 |      12 |   0.0 |  1870
           D:5 |       0 |     368 |   0.0 |       0 |      23 |   0.0 |  1287
           D:6 |       0 |     101 |   0.0 |       0 |       4 |   0.0 |   393
           D:7 |       0 |     289 |   0.0 |       0 |       3 |   0.0 |    24
               +---------+---------+-------+---------+---------+-------+---------
